 Dungeon Crawl Stone Soup version 0.28-a0-1429-gf3d713df7a (webtiles) character file.

Game seed: 17960187376653058647

60980 enile the Warrior (level 14, -48/140 HPs)
             Began as a Minotaur Wanderer on Jan 9, 2022.
             Was the Champion of Nemelex Xobeh.
             Annihilated by an ettin (57 damage)
             ... on level 2 of the Orcish Mines.
             The game lasted 01:00:51 (24817 turns).

enile the Warrior (Minotaur Wanderer)              Turns: 24817, Time: 01:00:52

Health: -48/140    AC: 18    Str: 31    XL:     14   Next: 58%
Magic:  20/20      EV:  8    Int:  8    God:    Nemelex Xobeh [******]
Gold:   1244       SH:  5    Dex: 10    Spells: 13/13 levels left

rFire   . . .      SeeInvis .   U - +3 flail (drain)
rCold   + + +      Faith    .   R - orb {mayhem}
rNeg    . . .      Spirit   .   Y - +3 plate armour {rC+}
rPois   .          Reflect  +   (helmet restricted)
rElec   .          Harm     .   w - scarf {+Inv}
rCorr   .          Rampage  .   (no gloves)
Will    ++...                   (no boots)
Stlth   ..........              M - amulet of reflection
HPRegen 0.33/turn               J - +6 ring of strength
MPRegen 0.17/turn               Z - ring "Rorchuok" {rC++ Will+}

@: no status effects
A: horns 2, retaliatory headbutt, strong 1
a: Renounce Religion, Evoke Invisibility, Draw Escape, Draw Destruction, Draw
Summoning, Draw Stack, Triple Draw, Deal Four, Stack Five


You were on level 2 of the Orcish Mines.
You worshipped Nemelex Xobeh.
Nemelex Xobeh was exalted by your worship.
You visited 3 branches of the dungeon, and saw 21 of its levels.
You also visited: Bailey.

You collected 1244 gold pieces.

Inventory:

Hand Weapons
 f - the +5 war axe "Lonwy" {flame, rF+ Will+ Dex+2}
   (You found it on level 5 of the Lair of Beasts)

   It burns those it strikes, dealing additional fire damage.
   Big, fiery blades are also staple armaments of hydra-hunters.
   Dex:       It affects your dexterity (+2).
   rF:        It protects you from fire.
   Will:      It increases your willpower.
 n - a +2 whip of holy wrath
 D - a +3 whip
 U - a +3 flail of draining (weapon)
 X - a +2 flail of freezing
Missiles
 x - 38 poisoned darts (quivered)
 y - 4 curare-tipped darts
 z - 9 boomerangs
 E - 9 javelins
Armour
 i - +0 acid dragon scales
 w - a scarf of invisibility (worn)
 O - a +3 leather armour of fire resistance
 R - an orb of mayhem (worn)
 S - a +0 kite shield
 Y - a +3 plate armour of cold resistance (worn)
Jewellery
 b - an amulet of regeneration
 p - a ring of flight
 r - a ring of willpower
 u - a +6 ring of dexterity
 F - an amulet of magic regeneration
 J - a +6 ring of strength (left hand)
 M - an amulet of reflection (around neck)
 Q - a ring of poison resistance
 Z - the ring "Rorchuok" (right hand) {rC++ Will+}
   (You acquired it in a bailey)

   [ring of willpower]

   rC:        It greatly protects you from cold.
   Will:      It increases your willpower.
Wands
 a - a wand of iceblast (5)
 d - a wand of polymorph (7)
 o - a wand of mindburst (8)
 t - a wand of digging (4)
 N - a wand of flame (17)
Scrolls
 g - 7 scrolls of enchant armour
 j - 6 scrolls of teleportation
 s - a scroll of summoning
 B - 2 scrolls of vulnerability
 C - 2 scrolls of magic mapping
 G - a scroll of torment
 H - 6 scrolls of blinking {unknown}
 K - 2 scrolls of fear
 T - 3 scrolls of enchant weapon
 W - 4 scrolls of immolation
Potions
 e - 9 potions of curing
 h - 5 potions of heal wounds
 k - 2 potions of mutation
 l - 3 potions of ambrosia {unknown}
 m - 2 potions of magic {unknown}
 q - 2 potions of cancellation {unknown}
 v - a potion of invisibility
 A - 3 potions of brilliance
 I - 5 potions of haste {unknown}
 L - 5 potions of attraction {unknown}
 P - a potion of flight
 V - 3 potions of resistance
Miscellaneous
 c - a piece from Xom's chessboard (8/15)


   Skills:
 - Level 17.0 Fighting
 - Level 12.0 Maces & Flails
 + Level 9.0 Throwing
 - Level 12.0 Armour
 - Level 1.1 Dodging
 - Level 6.0 Stealth
 - Level 2.0 Shields
 - Level 10.0 Invocations
 - Level 9.0 Evocations


You had 13 spell levels left.
You didn't know any spells.
Your spell library contained the following spells:

 Spells                   Type           Power      Damage    Failure   Level
 Animate Skeleton         Necr           0%         N/A       95%         1
 Apportation              Tloc           0%         N/A       95%         1
 Pain                     Necr           0%         1d4       95%         1
 Sandblast                Erth           0%         2d4       95%         1
 Summon Small Mammal      Summ           0%         N/A       95%         1
 Ensorcelled Hibernation  Hex/Ice        0%         N/A       99%         2
 Passwall                 Tmut/Erth      0%         N/A       99%         2
 Scorch                   Fire           0%         2d5       99%         2
 Static Discharge         Conj/Air       0%         N/A       99%         2
 Call Canine Familiar     Summ           0%         N/A       100%        3
 Stone Arrow              Conj/Erth      0%         3d7       100%        3
 Summon Guardian Golem    Hex/Summ       0%         N/A       100%        3
 Tukima's Dance           Hex            0%         N/A       100%        3
 Vampiric Draining        Necr           0%         2d6       100%        3
 Dispel Undead            Necr           0%         3d6       100%        4
 Flame Wave               Conj/Fire      0%         2d4       100%        4
 Sticky Flame             Conj/Fire      0%         2d3       100%        4
 Fireball                 Conj/Fire      0%         3d3       100%        5
 Iskenderun's Battlesphe  Conj           0%         2d6       100%        5
 Conjure Ball Lightning   Conj/Air       0%         3x3d6     100%        6
 Dispersal                Tloc           0%         N/A       100%        6
 Starburst                Conj/Fire      0%         6d3       100%        6
 Summon Cactus Giant      Summ           0%         N/A       100%        6
 Enfeeble                 Hex            0%         N/A       100%        7
 Orb of Destruction       Conj           0%         N/A       100%        7
 Disjunction              Tloc           0%         N/A       100%        8
 Ignition                 Fire           0%         3d3       100%        8


Dungeon Overview and Level Annotations

Branches:
Dungeon (13/15)            Temple (0/1) D:5            Lair (6/6) D:10
  Snake (0/4) Lair:4       Spider (0/4) Lair:3        Slime (0/5) Lair:6
    Orc (2/2) D:9          Bailey (visited)
    Elf: Orc:2       Vaults: D:13-14

Altars:
Dithmenos
Fedhas
Hepliaklqana
Kikubaaqudgha
Nemelex Xobeh
Qazlal
Sif Muna
Trog
Uskayaw
Vehumet
Wu Jian
Xom
Zin
Lugonu

Shops:
D:8 =

Portals:
Abyss: Lair:6

Annotations:
D:3 1 runed translucent door, bande's ghost, amateur GrFi
Lair:2 exclusion: player illusion
Lair:6 3 runed translucent doors, Xipnofec's ghost, journeyman DEWz


Innate Abilities, Weirdness & Mutations

You have a pair of horns on your head.
You reflexively headbutt those who attack you in melee.
Your muscles are strong. (Str +2)


Message History

The ettin shouts in stereo!
You hear a shout!
Throw: 40 darts (poison)
Press: ? - help, Q - select action, (/) - cycle Shift-Dir - straight line, f/p - orc
Aim: an orc, wielding a +0 flail (lightly wounded, very poisoned, 69% to hit)
You throw a poisoned dart. The poisoned dart hits the orc.
The orc looks even sicker.
The orc is lightly wounded.
An orc is nearby!
An orc is nearby!
An orc is nearby!
Throw: 39 darts (poison)
Press: ? - help, Q - select action, (/) - cycle Shift-Dir - straight line, f/p - orc
Aim: an orc, wielding a +0 flail (moderately wounded, very poisoned, 69% to hit)
You throw a poisoned dart.
The poisoned dart closely misses the orc.
An orc and an ettin come into view.
The orc shouts!
You completely miss the orc. You headbutt the orc.
You kill the orc!
The ettin flies into a frenzy!
The ettin closely misses you. The ettin barely misses you.
You sock the ettin!
You headbutt the ettin, but do no damage.
The ettin is lightly wounded.
The ettin hits you with a +0 great mace!!!
The ettin hits you but does no damage.
You hear a shout!
You sock the ettin! You headbutt the ettin!
The ettin is heavily wounded.
You hear a howl!
The ettin hits you with a +0 great mace!!!
The ettin closely misses you.
An orc comes into view. It is wielding a +0 short sword.
Unknown command.
The ettin hits you with a +0 great mace!!!
* * * LOW HITPOINT WARNING * * *
The ettin hits you with a +0 dire flail!!!
You die...
Your body glows with a rainbow of weird colours and disappears.

### ### ###
#.###.########.##
...#...##..##...#
............#..##
................## ###
........###......###.##
................#.#...#
..............##@....##
...............##C...###
..............##..o....#..
..............#............
..<............#............
..............##.......#....
..............#.......(#....
...............#........o...
..............$.#..........#


You could see an orc and a neutral ettin (fast, strong, insane).

Vanquished Creatures
  An orc warlord (Bailey)
  A boulder beetle (D:13)
  4 hydras
  Erica (D:9)
  3 two-headed ogres
  4 death yaks (Lair:3)
  2 thrashing horrors (Lair:6)
  A skeletal warrior (D:12)
  2 orc knights (Bailey)
  A harpy (Lair:4)
  A cyclops (D:11)
  13 elephants
  Maurice (D:10)
  An eye of devastation (D:12)
  5 black mambas
  9 cane toads
  A gargoyle (D:11)
  A torpor snail (Lair:4)
  An unseen horror (shapeshifter) (Lair:6)
  An unseen horror (D:13)
  3 rime drakes
  8 komodo dragons
  A red devil (Lair:6)
  2 meliai (D:13)
  3 polar bears
  3 trolls (D:9)
  A hornet (shapeshifter) (Lair:6)
  9 small abominations (Lair:6)
  13 blink frogs
  3 wraiths
  4 wyverns
  A spriggan (Lair:3)
  A ynoxinul (Lair:6)
  8 basilisks
  53 yaks
  A fire elemental (Lair:3)
  An acid dragon (D:11)
  4 wargs
  13 water moccasins
  A large abomination (Lair:6)
  A black bear (shapeshifter) (Lair:6)
  2 ice beasts (D:7)
  12 orc warriors
  A sky beast (D:6)
  5 black bears
  4 ogres
  11 wolves
  5 centaurs
  17 bullfrogs
  4 kobold brigands (D:9)
  5 gnoll sergeants (D:9)
  2 scorpions
  Dowan (D:7)
  3 killer bees (D:8)
  A water moccasin skeleton (D:6)
  8 wights
  6 howler monkeys
  An electric eel (Lair:4)
  A bullfrog zombie (D:5)
  A centaur skeleton (D:7)
  4 centaur zombies
  2 hounds
  A bullfrog skeleton (D:6)
  5 orc priests
  4 jellies
  2 gnoll shamans
  An iguana (D:7)
  12 orc wizards
  A killer bee zombie (D:6)
  18 gnolls
  A howler monkey skeleton (D:7)
  6 adders
  An adder skeleton (D:4)
  3 worms
  35 orcs
  18 endoplasms
  3 giant cockroaches
  14 hobgoblins
  4 jackals (D:2)
  5 quokkas
  8 ball pythons
  5 frilled lizards
  21 goblins
  14 kobolds
  8 rats
474 creatures vanquished.

Vanquished Creatures (collateral kills)
  A hydra (Lair:1)
  2 death yaks (Lair:3)
  A thrashing horror (Lair:6)
  Sonja (D:13)
  An orc knight (Bailey)
  2 large abominations (Lair:6)
  A wolf spider (Lair:3)
  A cyclops (D:13)
  6 elephants
  A cane toad (Lair:2)
  A black mamba (Lair:4)
  A smoke demon (Lair:6)
  3 blink frogs
  6 yaks
  A ynoxinul (Lair:6)
  A hog (Lair:6)
  2 small abominations (Lair:6)
  3 basilisks
  A chaos spawn (Lair:6)
  2 water moccasins
  An ice beast (D:5)
  2 black bears
  A necrophage (D:5)
  An electric eel (Lair:4)
  A wight (D:6)
  A hound (D:5)
  3 orc priests
  3 orc wizards
  5 gnolls
  An adder (D:4)
  4 orcs
  3 goblins
  A hobgoblin (Bailey)
  A kobold (D:4)
66 creatures vanquished.

Vanquished Creatures (others)
  An ugly thing (Lair:6)
  An ancient zyme (Lair:6)
  2 yaks
  A water moccasin (Lair:6)
  A black bear (Lair:3)
  A wolf (Lair:2)
  A bullfrog (Lair:4)
  A wight (D:8)
  A gnoll (D:9)
  2 goblins
  A butterfly (Lair:6)
  35 fungi
  49 plants
  3 toadstools (D:4)
100 creatures vanquished.

Grand Total: 640 creatures vanquished

Notes
Turn   | Place    | Note
-------+----------+-------------------------------------------
     0 | D:1      | enile the Minotaur Wanderer began the quest for the Orb.
     0 | D:1      | enile set off with the following items: a +2 dagger, a
                  | curare-tipped dart, a +0 mace, a +0 scale mail
     0 | D:1      | Reached XP level 1. HP: 14/14 MP: 0/0
    75 | D:1      | Reached skill level 1 in Fighting
   336 | D:1      | Reached skill level 2 in Fighting
   385 | D:1      | Reached XP level 2. HP: 12/24 MP: 1/1
   765 | D:1      | Found a faded altar of an unknown god.
   820 | D:1      | Prayed at the altar of an unknown god.
   820 | D:1      | Became a worshipper of Nemelex Xobeh the Trickster
   820 | D:1      | Reached * piety under Nemelex Xobeh
   820 | D:1      | Received a gift from Nemelex Xobeh
   986 | D:2      | Reached skill level 3 in Fighting
  1035 | D:2      | Reached skill level 1 in Invocations
  1035 | D:2      | Reached XP level 3. HP: 26/31 MP: 2/2
  1721 | D:2      | Reached XP level 4. HP: 38/38 MP: 4/4
  1765 | D:2      | Reached ** piety under Nemelex Xobeh
  1984 | D:2      | Found an ornate altar of the Wu Jian Council.
  2331 | D:3      | Reached XP level 5. HP: 41/45 MP: 6/6
  2682 | D:3      | Found a runed translucent door.
  2685 | D:3      | Noticed bande's ghost (amateur GrFi)
  3085 | D:4      | Received a gift from Nemelex Xobeh
  3140 | D:4      | Noticed an ogre
  3149 | D:4      | Noticed a black bear
  3153 | D:4      | Killed an ogre
  3154 | D:4      | Reached skill level 5 in Fighting
  3155 | D:4      | Killed a black bear
  3156 | D:4      | Reached XP level 6. HP: 23/57 MP: 7/7
  3274 | D:4      | Reached skill level 6 in Fighting
  4062 | D:4      | Reached XP level 7. HP: 48/63 MP: 8/8
  4102 | D:4      | Reached skill level 5 in Armour
  4378 | D:5      | Entered Level 5 of the Dungeon
  4513 | D:5      | Received a gift from Nemelex Xobeh
  4573 | D:5      | Reached skill level 7 in Fighting
  4669 | D:5      | Reached skill level 8 in Fighting
  4678 | D:5      | Reached XP level 8. HP: 51/74 MP: 9/9
  4802 | D:5      | Found a radiant altar of Vehumet.
  4859 | D:5      | Reached skill level 5 in Maces & Flails
  4909 | D:5      | Found a staircase to the Ecumenical Temple.
  5494 | D:6      | Reached *** piety under Nemelex Xobeh
  5877 | D:6      | Reached skill level 5 in Invocations
  6131 | D:6      | Received a gift from Nemelex Xobeh
  6572 | D:7      | Reached XP level 9. HP: 72/81 MP: 12/12
  6754 | D:7      | Received a gift from Nemelex Xobeh
  6815 | D:7      | Reached skill level 9 in Fighting
  6940 | D:7      | Reached skill level 10 in Fighting
  7139 | D:7      | Noticed Dowan
  7160 | D:7      | Killed Dowan
  7185 | D:7      | Noticed Duvessa
  7189 | D:7      | Noticed Duvessa
  7189 | D:7      | Duvessa changed into Duvessa the iguana
  7190 | D:7      | Killed Duvessa the iguana
  7406 | D:8      | Found a hazy altar of Hepliaklqana.
  7407 | D:8      | Found Gunkunogo's Jewellery Emporium.
  7494 | D:8      | Reached **** piety under Nemelex Xobeh
  7495 | D:8      | Found a bloodstained altar of Trog.
  7496 | D:8      | Found a shadowy altar of Dithmenos.
  7498 | D:8      | Found a blossoming altar of Fedhas.
  7499 | D:8      | Found an ancient bone altar of Kikubaaqudgha.
  7499 | D:8      | Found a stormy altar of Qazlal.
  7558 | D:8      | Found a shimmering altar of Xom.
  7559 | D:8      | Found a glowing silver altar of Zin.
  7575 | D:8      | Found a shimmering blue altar of Sif Muna.
  7619 | D:8      | Reached XP level 10. HP: 93/93 MP: 13/13
  7810 | D:8      | Received a gift from Nemelex Xobeh
  8063 | D:9      | Found a staircase to the Orcish Mines.
  8144 | D:9      | Reached skill level 10 in Armour
  8258 | D:9      | Reached skill level 11 in Fighting
  8299 | D:9      | Found a hide-covered altar of Uskayaw.
  8500 | D:9      | Noticed Erica
  8501 | D:9      | Killed Erica
  8676 | D:10     | Entered Level 10 of the Dungeon
  8686 | D:10     | Reached ***** piety under Nemelex Xobeh
  8692 | D:10     | You fall into a shaft and drop 3 floors!
  8729 | D:13     | Reached skill level 12 in Fighting
  8729 | D:13     | Reached skill level 1 in Shields
  8737 | D:13     | Noticed Sonja
  8742 | D:13     | Killed Sonja
  8743 | D:13     | Reached XP level 11. HP: 87/104 MP: 15/15
  8762 | D:13     | Noticed a boulder beetle
  8790 | D:13     | Killed a boulder beetle
  8910 | D:12     | Received a gift from Nemelex Xobeh
  8934 | D:11     | Noticed a two-headed ogre
  8942 | D:11     | Killed a two-headed ogre
  8943 | D:11     | Reached skill level 1 in Evocations
  9113 | D:10     | Found a flagged portal.
  9123 | Bailey   | Entered a bailey
  9183 | Bailey   | Noticed an orc knight
  9203 | Bailey   | Killed an orc knight
  9425 | Bailey   | Noticed an orc knight
  9425 | Bailey   | Noticed an orc warlord
  9426 | Bailey   | Identified the +0 hand axe of Quiescent Tender Mercy
                  | {protect, *Corrode rF+ Int+6}
  9426 | Bailey   | Noticed an orc knight
  9428 | Bailey   | Killed an orc knight
  9428 | Bailey   | Killed an orc knight
  9429 | Bailey   | Reached skill level 10 in Maces & Flails
  9431 | Bailey   | Killed an orc warlord
  9524 | Bailey   | Acquired the ring "Rorchuok" {rC++ Will+}
  9679 | D:10     | Found a sparkling altar of Nemelex Xobeh.
  9680 | D:10     | Noticed Maurice
  9690 | D:10     | Killed Maurice
  9992 | D:10     | Found a staircase to the Lair.
 10247 | D:11     | Noticed a two-headed ogre
 10256 | D:11     | Reached XP level 12. HP: 104/112 MP: 17/17
 10259 | D:11     | Killed a two-headed ogre
 10427 | D:11     | Received a gift from Nemelex Xobeh
 10801 | D:12     | Noticed a two-headed ogre
 10813 | D:12     | Killed a two-headed ogre
 10817 | D:12     | Noticed an eight-headed hydra
 10825 | D:12     | Killed an eight-headed hydra
 10854 | D:12     | Reached skill level 13 in Fighting
 11013 | D:12     | Noticed a death knight
 11021 | D:12     | a death knight changed into an eye of devastation
 11286 | Lair:1   | Entered Level 1 of the Lair of Beasts
 11288 | Lair:1   | Noticed an eight-headed hydra
 11304 | Lair:1   | Killed an eight-headed hydra
 11425 | Lair:1   | Reached skill level 14 in Fighting
 13312 | Lair:2   | Gained mutation: Armour fits poorly on your strangely
                  | shaped body. [potion of mutation]
 13312 | Lair:2   | Gained mutation: You have a pair of large horns on your
                  | head. [potion of mutation]
 13318 | Lair:2   | Reached skill level 5 in Evocations
 13678 | Lair:2   | Received a gift from Nemelex Xobeh
 13947 | Lair:2   | Received a gift from Nemelex Xobeh
 14541 | Lair:3   | Noticed a death yak
 14541 | Lair:3   | Noticed a death yak
 14541 | Lair:3   | Noticed a death yak
 14541 | Lair:3   | Noticed a death yak
 14541 | Lair:3   | Noticed a death yak
 14541 | Lair:3   | Noticed a death yak
 14541 | Lair:3   | Received a gift from Nemelex Xobeh
 14548 | Lair:3   | Killed a death yak
 14549 | Lair:3   | Reached XP level 13. HP: 93/124 MP: 18/18
 15626 | Lair:3   | Reached skill level 15 in Fighting
 15796 | Lair:3   | Reached skill level 5 in Stealth
 16173 | Lair:3   | Received a gift from Nemelex Xobeh
 16737 | Lair:3   | Found a hole to the Spider Nest.
 17018 | Lair:3   | Identified the +1 robe "Ruwkezame" {Str+4}
 17265 | Lair:4   | Received a gift from Nemelex Xobeh
 17601 | Lair:4   | Reached skill level 10 in Invocations
 18132 | Lair:4   | Lost mutation: Armour fits poorly on your strangely shaped
                  | body. [potion of mutation]
 18132 | Lair:4   | Lost mutation: You have a pair of large horns on your head.
                  | [potion of mutation]
 18132 | Lair:4   | Gained mutation: Your muscles are strong. (Str +2) [potion
                  | of mutation]
 18437 | Lair:4   | Found a staircase to the Snake Pit.
 20228 | Lair:4   | Reached XP level 14. HP: 88/135 MP: 15/20
 20398 | Lair:5   | Identified the +5 war axe "Lonwy" {flame, rF+ Will+ Dex+2}
 20443 | Lair:5   | Received a gift from Nemelex Xobeh
 21100 | Lair:5   | Reached skill level 16 in Fighting
 21219 | Lair:5   | Received a gift from Nemelex Xobeh
 21783 | Lair:6   | Entered Level 6 of the Lair of Beasts
 21934 | Lair:6   | Received a gift from Nemelex Xobeh
 22151 | Lair:6   | Found a runed translucent gate.
 22151 | Lair:6   | Found a runed translucent gate.
 22151 | Lair:6   | Found a runed translucent gate.
 22320 | Lair:6   | Found a staircase to the Slime Pits.
 22828 | Lair:6   | Reached skill level 17 in Fighting
 23913 | Lair:6   | Noticed Xipnofec's ghost (journeyman DEWz)
 23996 | Lair:6   | Identified the +5 hand crossbow "Noifoe" {elec, Contam rC+
                  | rCorr Int+5}
 24089 | Lair:6   | Reached ****** piety under Nemelex Xobeh
 24089 | Lair:6   | Received a gift from Nemelex Xobeh
 24105 | Lair:6   | Found a corrupted altar of Lugonu.
 24105 | Lair:6   | Found a one-way gate to the infinite horrors of the Abyss.
 24553 | Orc:1    | Entered Level 1 of the Orcish Mines
 24747 | Orc:2    | Entered Level 2 of the Orcish Mines
 24817 | Orc:2    | Annihilated by an ettin

Illustrated notes

Levels and vault maps discovered:
D:1:      dpeg_arrival_concentric_ovals, layout_basic,
          hellmonk_ecumenical_altar_inner_sanctum
D:2:      layout_loops_ring, basic_altar, hex_large, minmay_3d_cube
D:3:      layout_loops_ring, ebering_ghost_reflecting_pool
D:4:      cheibrodos_fertilizer, layout_basic, abandoned_shop
D:5:      layout_basic, mainiacjoe_overflow_tiny_flanked,
          minmay_temple_entry_mini_moons
D:6:      layout_basic
D:7:      layout_cave_pods, uniq_duvessa
D:8:      layout_loops_ring, nicolae_sif_muna_condensation,
          grunt_temple_overflow_open, overflow_temple_1_default, serial_shops,
          nicolae_shop_crystal, amcnicky_mini_pool_small
D:9:      nicolae_cairo_tiling_very_big, layout_cave_pools,
          nicolae_uskayaw_murder_on_the_dancefloor,
          kennysheep_orc_monster_closet_entryway, uniq_erica
D:10:     layout_roguey, nemelex_spade_bored_becter, erik_lair_orcish_takeover,
          enter_bailey_3, uniq_maurice
D:11:     layout_roguey
D:12:     layout_basic, grunt_ministairs_4
D:13:     layout_roguey, erik_vaults_2, chequers_arboretum,
          minmay_misc_feat_roman, uniq_sonja
Lair:1:   layout_loops_ring, infiniplex_staircase_pool
Lair:2:   layout_cave_shapes, serial_bayou_pond_d, serial_bayou_shore_a
Lair:3:   layout_gridlike, spider_nest_entry_rubble, forest_entry_grove,
          infiniplex_staircase_pool_2
Lair:4:   layout_gridlike, minmay_snake_entry_six_corridors
Lair:5:   beast_lair_carwin_large_1, layout_small_grid
Lair:6:   hellmonk_lair_end_abyssal_woods, layout_regular_city,
          nicolae_slime_entry_slimehenge, ebering_ghost_rock_garden,
          lemuel_fruit_fields
Orc:1:    layout_caves, serial_shops, shop
Orc:2:    grunt_orc_gardens, layout_caves, grunt_orc_garden, grunt_orc_garden,
          grunt_orc_garden, grunt_orc_garden, serial_shops,
          nicolae_shop_hallway_plus, mines1_david

Skill      XL: |  1  2  3  4  5  6  7  8  9 10 11 12 13 14 |
---------------+-------------------------------------------+-----
Fighting       | 2 3 5 6 8 10 12 14 15 17 | 17.0
Invocations    | 1 2 3 6 7 9 10 | 10.0
Armour         | 2 3 4 5 7 8 10 11 12 | 12.0
Maces & Flails | 3 4 5 7 8 10 11 12 | 12.0
Throwing       | 7 8 9 |  9.0
Shields        | 2 |  2.0
Stealth        | 4 6 |  6.0
Evocations     | 3 6 7 9 |  9.0
Dodging        | |  1.1

Action                   |  1- 3 |  4- 6 |  7- 9 | 10-12 | 13-15 || total
-------------------------+-------+-------+-------+-------+-------++-------
Melee: Dagger            |   108 |    34 |       |       |       ||   142
       Headbutt          |    14 |    18 |    45 |    69 |   102 ||   248
       Whip              |       |    93 |   191 |    75 |       ||   359
       Punch             |       |     1 |     2 |       |       ||     3
       Flail             |       |       |       |   258 |   452 ||   710
Throw: Dart              |       |     1 |     1 |    62 |    91 ||   155
       Javelin           |       |       |     7 |    12 |    32 ||    51
       Throwing net      |       |       |       |     3 |       ||     3
       Boomerang         |       |       |       |       |     1 ||     1
Invok: Draw Summoning    |       |     1 |     2 |     7 |     6 ||    16
       Draw Destruction  |       |     1 |    16 |    18 |    22 ||    57
       Draw Escape       |       |       |       |     5 |     9 ||    14
       Deal Four         |       |       |       |     1 |     1 ||     2
       Triple Draw       |       |       |       |     1 |       ||     1
       Stack Five        |       |       |       |       |     1 ||     1
 Abil: Evoke Invisibilit |       |       |       |       |     1 ||     1
Evoke: Piece from Xom's  |       |       |       |    18 |    10 ||    28
       Wand              |       |       |       |     4 |     9 ||    13
  Use: Scroll            |     2 |     1 |     2 |    11 |     4 ||    20
       Potion            |       |       |       |     5 |     5 ||    10
 Stab: Distracted        |       |       |       |     1 |     3 ||     4
Armor: Scale mail        |    41 |    30 |       |       |       ||    71
       Chain mail        |       |    15 |   102 |    83 |       ||   200
       Plate armour      |       |       |       |    93 |   302 ||   395
Dodge: Dodged            |    34 |    58 |    76 |   108 |   196 ||   472
Block: Orb               |       |       |       |    25 |   131 ||   156

Table legend: (Time is in decaauts)
 A = Elapsed time spent in this place.
 B = Non-inter-level travel time spent in this place.
 C = Inter-level travel time spent in this place.
 D = Time resting spent in this place.
 E = Time spent auto-exploring this place.
 F = Levels seen in this place.
 G = Mean time per level.
                   A        B        C        D        E       F      G
               +--------+--------+--------+--------+--------+-----+--------+
         Total |  24668 |  23740 |    928 |    790 |  19458 |  22 | 1121.3 |
       Dungeon |  10873 |  10383 |    490 |     37 |   8506 |  13 |  836.4 |
          Lair |  13132 |  12709 |    423 |    753 |  10533 |   6 | 2188.7 |
  Orcish Mines |    249 |    234 |     15 |      0 |    190 |   2 |  124.5 |
        Bailey |    412 |    412 |      0 |      0 |    229 |   1 |  412.0 |
               +--------+--------+--------+--------+--------+-----+--------+

Top non-repeatable levels by time:
  Lair:4: 3035 daAuts
  Lair:6: 2573 daAuts
  Lair:3: 2471 daAuts
  Lair:1: 1980 daAuts
  Lair:5: 1775 daAuts
     D:2: 1447 daAuts
  Lair:2: 1297 daAuts
     D:4: 1289 daAuts
     D:7: 1043 daAuts
     D:6: 1012 daAuts
     D:5: 927 daAuts
     D:1: 842 daAuts
     D:3: 793 daAuts
    D:11: 740 daAuts
     D:9: 679 daAuts
